[Event "Team 45 45 League T67"]
[Site "Internet Chess Club"]
[Date "2016.01.17"]
[Round "6"]
[White "Monterrey"]
[Black "alegro"]
[Result "0-1"]
[WhiteElo "2014"]
[BlackElo "1972"]
[Opening "Trompowsky attack (Ruth, Opocenský opening)"]
[ECO "A45"]
[Time "16:00:46"]
[TimeControl "2700+45"]

1. d4 Nf6 2. Bg5 e6 3. e4 h6 4. Bxf6 Qxf6 5. c3 c5 6. Bc4 Nc6 7. Ne2 cxd4 8.
cxd4 Bb4+ 9. Nbc3 d6 10. O-O O-O 11. f4 a6 12. f5 Qg5 13. Kh1 exf5 14. Ng3 f4
15. Nge2 Bg4 16. Qc1 Rac8 17. Qxf4 Qxf4 18. Rxf4 Bxe2 19. Nxe2 Nxd4 20. Bd3 Nxe2
21. Bxe2 Rc2 22. Bd3 Rxb2 23. Bc4 Bc3 24. Raf1 Bf6 25. Rg4 Rc8 26. Bb3 Kf8 27.
Rgf4 Ke7 28. h4 Rc3 29. h5 b5 30. Rf5 Re3 31. R5f4 Ree2 32. Rg4 a5 33. Rc1 a4
34. Bd5 Rec2 35. Rf1 b4 36. Rg3 Rxa2 37. e5 dxe5 38. Bxa2 Rxa2 39. Rd3 b3 40.
Rfd1 b2 41. Rd7+ Ke6 42. g4 b1=Q 43. Rd6+ Ke7 44. Rd7+ Ke8 {White resigns} 0-1

[Event "Team 45 45 League T67"]
[Site "Internet Chess Club"]
[Date "2016.01.17"]
[Round "6"]
[White "primerpaso"]
[Black "chsrules88"]
[Result "0-1"]
[WhiteElo "1862"]
[BlackElo "2077"]
[Opening "English: Bremen, reverse dragon"]
[ECO "A22"]
[Time "20:31:29"]
[TimeControl "2700+45"]

1. c4 e5 2. Nc3 Nf6 3. g3 d5 4. cxd5 Nxd5 5. Bg2 Nb6 6. Nf3 Nc6 7. O-O Be7 8. d3
O-O 9. Be3 Be6 10. Na4 Nd5 11. Bc5 h6 12. Rc1 Re8 13. Bxe7 Qxe7 14. Nc5 Rab8 15.
Nxe6 Qxe6 16. Nd2 Nde7 17. Nb3 b6 18. a3 Rbd8 19. Qc2 Rd6 20. Rfd1 Red8 21. Bf3
g5 22. Qc4 R8d7 23. Qxe6 Rxe6 24. Rd2 Nd8 25. Rdc2 c5 26. Nd2 Ndc6 27. Rc3 Nd4
28. e3 Nxf3+ 29. Nxf3 f6 30. Kf1 Red6 31. Ke2 Kf7 32. Ne1 e4 33. Rb3 f5 34. dxe4
fxe4 35. Rc4 Rd1 36. Rc2 g4 37. Rbc3 Rb1 38. b4 Rdd1 39. Ng2 cxb4 40. axb4 Rg1
41. Ra3 Rxg2 42. Rxa7 Rgg1 43. Rb7 Rxb4 44. Ra2 Rgb1 45. Kd2 R1b2+ 46. Rxb2
Rxb2+ 47. Kc3 Rxf2 48. Kd4 Rf6 49. Kxe4 h5 50. Ke5 Re6+ 51. Kf4 Kf6 {White
resigns} 0-1

[Event "Team 45 45 League T67"]
[Site "Internet Chess Club"]
[Date "2016.01.17"]
[Round "6"]
[White "fishhead"]
[Black "Heian"]
[Result "1-0"]
[WhiteElo "1803"]
[BlackElo "1673"]
[Opening "Ruy Lopez: Classical defense deferred"]
[ECO "C70"]
[Time "13:02:29"]
[TimeControl "2700+45"]

1. e4 e5 2. Nf3 Nc6 3. Bb5 a6 4. Ba4 Bc5 5. O-O b5 6. Bb3 d6 7. c3 Bg4 8. h3 Bd7
9. d4 Bb6 10. Bg5 Nge7 11. a4 Rb8 12. axb5 axb5 13. Na3 f6 14. Be3 Na5 15. Ba2
Qc8 16. b4 Nb7 17. Qb3 Nd8 18. c4 bxc4 19. Nxc4 Be6 20. Rfc1 d5 21. Nd6+ cxd6
22. Rxc8 Rxc8 23. Qa4+ Bd7 24. Qa6 dxe4 25. Qxb6 exf3 26. Qxd6 Rc6 27. Qb8 Rc8
28. Qa7 Nec6 29. Qa3 exd4 30. Bf4 Be6 31. Re1 Kf7 32. b5 Ne5 33. Bxe5 fxe5 34.
Qxf3+ Kg6 35. Bb1+ Kh6 36. Rxe5 g6 37. Qf4+ Kg7 38. Qxd4 Kf7 39. Ba2 Rc1+ 40.
Kh2 Re8 41. Qf4+ Kg7 42. Qxc1 {Black resigns} 1-0

[Event "Team 45 45 League T67"]
[Site "Internet Chess Club"]
[Date "2016.01.22"]
[Round "6"]
[White "NFork"]
[Black "hood"]
[Result "0-1"]
[WhiteElo "2092"]
[BlackElo "2090"]
[Opening "Ruy Lopez: Anderssen variation"]
[ECO "C77"]
[Time "19:23:16"]
[TimeControl "2700+45"]

1. e4 e5 2. Nf3 Nc6 3. Bb5 a6 4. Ba4 Nf6 5. d3 b5 6. Bb3 Bc5 7. O-O d6 8. c3 O-O
9. Re1 h6 10. h3 Re8 11. a4 Rb8 12. axb5 axb5 13. Nbd2 Bb7 14. Nf1 Ra8 15. Be3
Bxe3 16. Nxe3 Rxa1 17. Qxa1 Qd7 18. Nd5 Nxd5 19. Bxd5 Ra8 20. Qd1 Nd8 21. Bxb7
Nxb7 22. d4 exd4 23. cxd4 Qc6 24. Nh4 g6 25. Qg4 Kh7 26. Re3 Na5 27. Rf3 Qe8 28.
Ra3 b4 29. Ra1 b3 30. Qf3 Kg7 31. e5 Ra7 32. Qf6+ Kh7 33. Nf3 Qe6 34. Qxe6 fxe6
35. exd6 cxd6 36. d5 exd5 37. Ra3 Kg7 38. Nd4 Nc6 39. Rxa7+ Nxa7 40. Kf1 Kf6 41.
Ke2 Ke5 42. Kd3 h5 43. h4 Kf4 44. Kc3 Ke4 45. Nxb3 Nb5+ 46. Kd2 d4 47. Nc1 Nc7
48. Nd3 Nd5 49. Ke2 Nb6 50. Kd2 Nc4+ 51. Kc2 Ne5 52. Ne1 Nc4 53. b3 Na3+ 54. Kc1
d3 55. Nf3 Nc2 56. Kd2 Nb4 57. Ne1 Kd4 58. g3 Ke4 59. f3+ Kd4 60. Ng2 Na6 61.
Nf4 Nc5 62. Nxg6 Nxb3+ 63. Kd1 Na5 64. Ne7 Nc4 65. Nf5+ Kc3 66. Ke1 d2+ 67. Ke2
d5 68. g4 d4 69. Nxd4 Kxd4 70. gxh5 Kc3 71. h6 Kc2 72. h7 d1=Q+ {White resigns}
0-1

[Event "Team 45 45 League T67"]
[Site "Internet Chess Club"]
[Date "2016.01.15"]
[Round "6"]
[White "jon314159"]
[Black "Roger43"]
[Result "0-1"]
[WhiteElo "1603"]
[BlackElo "2082"]
[Opening "King's knight's gambit"]
[ECO "C38"]
[Time "14:21:37"]
[TimeControl "2700+45"]

1. e4 e5 2. f4 exf4 3. Nf3 g5 4. Bc4 Bg7 5. d4 d6 6. O-O h6 7. Nc3 Nc6 8. e5
dxe5 9. Re1 Nge7 10. d5 Na5 11. Bb5+ c6 12. dxc6 Naxc6 13. Bxc6+ Nxc6 14. Qxd8+
Kxd8 15. Ne4 f5 16. Nc5 e4 17. Nd2 Bd4+ 18. Kh1 Bxc5 19. Nb3 b6 20. Bd2 Kc7 21.
Bc3 Re8 22. Rad1 Be6 23. Nd4 Nxd4 24. Bxd4 Bxd4 25. Rxd4 e3 26. Kg1 Rad8 27. Ra4
Kb7 28. c3 Rd2 29. Rd4 Rd8 30. Rxd8 Rxd8 31. Kf1 Rd2 32. b3 Rf2+ 33. Kg1 Bd5
{White resigns} 0-1

[Event "Team 45 45 League T67"]
[Site "Internet Chess Club"]
[Date "2016.01.23"]
[Round "6"]
[White "PolishRyszard"]
[Black "joebobpop"]
[Result "1/2-1/2"]
[WhiteElo "1918"]
[BlackElo "1927"]
[Opening "Richter-Veresov attack"]
[ECO "D01"]
[Time "12:05:18"]
[TimeControl "2700+45"]

1. d4 Nf6 2. Nc3 d5 3. Bg5 g6 4. Qd2 Bg7 5. f3 O-O 6. O-O-O c6 7. e4 dxe4 8.
fxe4 b5 9. e5 Nd5 10. Nf3 a5 11. h4 Bg4 12. Ne4 b4 13. Bh6 a4 14. Bc4 Nb6 15.
Bd3 b3 16. a3 bxc2 17. Kxc2 Qd5 18. Nc3 Qb3+ 19. Kc1 Rd8 20. Bc2 Qe6 21. Bxg7
Kxg7 22. Ng5 Qd7 23. Qf4 f6 24. e6 Bxe6 25. Nxe6+ Qxe6 26. Rhe1 Qd6 27. Qf3 Nd5
28. g3 Nxc3 29. Qxc3 Nd7 30. h5 Nb6 31. hxg6 hxg6 32. Qd3 f5 33. Qe3 Nd5 34. Qf3
Rh8 35. g4 e6 36. Re5 Rae8 37. Rde1 Nf6 38. gxf5 exf5 39. Qc3 Nd5 40. Qg3 Rxe5
41. dxe5 Qc5 42. Rg1 Nf4 43. Kb1 Qxe5 44. Bxa4 Rb8 45. Qh2 c5 {Game drawn by
mutual agreement} 1/2-1/2

[Event "Team 45 45 League T67"]
[Site "Internet Chess Club"]
[Date "2016.01.18"]
[Round "6"]
[White "soccerisfun"]
[Black "modiglani"]
[Result "1-0"]
[WhiteElo "1864"]
[BlackElo "1823"]
[Opening "Scandinavian defense"]
[ECO "B01"]
[Time "15:00:27"]
[TimeControl "2700+45"]

1. e4 d5 2. exd5 Nf6 3. Nc3 Nxd5 4. Bc4 Nb6 5. Bb3 Nc6 6. Nf3 Bf5 7. d4 e6 8.
O-O Be7 9. Be3 O-O 10. Qe2 Bf6 11. Rad1 Nd5 12. Nxd5 exd5 13. Qb5 Be4 14. Nd2
Rb8 15. Nxe4 dxe4 16. d5 a6 17. Qa4 Ne7 18. c3 Ng6 19. Qxe4 Qd6 20. Rd2 Rfe8 21.
Qd3 Be5 22. g3 Rbd8 23. c4 Qf6 24. Ba4 Bxb2 25. Bxe8 Rxe8 26. Bd4 Bxd4 27. Qxd4
Qf5 28. Qd3 Qf6 29. Re2 Rd8 30. Rfe1 h5 31. Re8+ Rxe8 32. Rxe8+ Kh7 33. Qe2 Qg5
34. Qe3 Qg4 35. Re4 Qf5 36. Kg2 f6 37. Qf3 Qg5 38. h4 Qh6 39. Qe3 Qxe3 40. Rxe3
Ne5 41. c5 Kg6 42. Rb3 {Black resigns} 1-0

[Event "Team 45 45 League T67"]
[Site "Internet Chess Club"]
[Date "2016.01.16"]
[Round "6"]
[White "cayo89"]
[Black "calsal"]
[Result "0-1"]
[WhiteElo "1646"]
[BlackElo "1775"]
[Opening "Scotch gambit: Dubois-Réti defense"]
[ECO "C55"]
[Time "11:15:18"]
[TimeControl "2700+45"]

1. e4 e5 2. Nf3 Nc6 3. d4 exd4 4. Bc4 Nf6 5. e5 d5 6. Bb5 Ne4 7. Nxd4 Bd7 8.
Bxc6 bxc6 9. O-O Bc5 10. Be3 Rb8 11. b3 Qe7 12. Bf4 O-O 13. c3 f6 14. exf6 Qxf6
15. Be3 Rbe8 16. Qc1 Nxc3 17. Qxc3 Rxe3 18. Qxc5 Qxf2+ 19. Rxf2 Re1+ 20. Rf1
Rexf1# {White checkmated} 0-1

[Event "Team 45 45 League T67"]
[Site "Internet Chess Club"]
[Date "2016.01.17"]
[Round "6"]
[White "rusano"]
[Black "elessar"]
[Result "1/2-1/2"]
[WhiteElo "1753"]
[BlackElo "1649"]
[Opening "Trompowsky attack (Ruth, Opocenský opening)"]
[ECO "A45"]
[Time "15:31:11"]
[TimeControl "2700+45"]

1. d4 Nf6 2. Bg5 d5 3. Bxf6 exf6 4. Nf3 Be6 5. Nbd2 c6 6. e3 Nd7 7. Bd3 f5 8. c3
Bd6 9. Qc2 g6 10. O-O-O b5 11. h4 Nf6 12. Ne5 Qc7 13. f4 Ne4 14. Nxe4 fxe4 15.
Be2 f6 16. Ng4 Bxg4 17. Bxg4 f5 18. Be2 h5 19. a3 a6 20. Kd2 Bxf4 21. exf4 Qxf4+
22. Ke1 Qg3+ 23. Kf1 Kd7 24. Qd2 Raf8 25. Rh3 Qd6 26. Kg1 f4 27. Rf1 Rf5 28. Qe1
g5 29. hxg5 Rxg5 30. Qh4 Qg6 31. Rh2 f3 32. Qh3+ Kc7 33. Bxf3 h4 34. Be2 Rg8 35.
Kh1 Rg3 36. Qxh4 Rg7 37. Qf4+ Kb7 38. Bh5 Qh7 39. Bg4 R3xg4 40. Qxg4 Qxh2+ 41.
Kxh2 Rxg4 42. Kh3 Rg7 43. g4 Kc7 44. Kg3 Kd7 45. Rf4 Ke7 46. Rf5 Rf7 47. Rf4
Rxf4 48. Kxf4 Kf6 49. g5+ Kg6 50. Kg4 Kg7 {Game drawn by mutual agreement}
1/2-1/2

[Event "Team 45 45 League T67"]
[Site "Internet Chess Club"]
[Date "2016.01.13"]
[Round "6"]
[White "Hal2001"]
[Black "SirIvanhoe"]
[Result "1/2-1/2"]
[WhiteElo "1655"]
[BlackElo "1527"]
[Opening "Caro-Kann: classical variation"]
[ECO "B18"]
[Time "20:03:45"]
[TimeControl "2700+45"]

1. e4 c6 2. d4 d5 3. Nc3 dxe4 4. Nxe4 Bf5 5. Ng3 Bg6 6. N1e2 e6 7. h4 Nf6 8. h5
Be4 9. Nc3 Bd5 10. Bg5 Nbd7 11. Nxd5 Qa5+ 12. Qd2 Qxd2+ 13. Bxd2 Nxd5 14. h6
gxh6 15. O-O-O O-O-O 16. Bxh6 Bxh6+ 17. Rxh6 Rdg8 18. Bd3 Nf4 19. Bxh7 Rg7 20.
Rdh1 Nxg2 21. Be4 Rxh6 22. Rxh6 Nf4 23. Rh4 Nd5 24. c4 N5b6 25. b3 Nf6 26. Bf3
Nbd7 27. Kd2 Kc7 28. Ke3 {Game drawn by mutual agreement} 1/2-1/2

[Event "Team 45 45 League T67"]
[Site "Internet Chess Club"]
[Date "2016.01.15"]
[Round "6"]
[White "skuhl99"]
[Black "Constrictor"]
[Result "0-1"]
[WhiteElo "1456"]
[BlackElo "1621"]
[Opening "Réti v Dutch"]
[ECO "A04"]
[Time "20:00:15"]
[TimeControl "2700+45"]

1. Nf3 f5 2. c4 Nf6 3. g3 g6 4. Bg2 Bg7 5. O-O O-O 6. d3 d6 7. Nc3 Nc6 8. Rb1 e5
9. b4 Qe8 10. b5 Nd8 11. Bb2 e4 12. dxe4 fxe4 13. Ng5 e3 14. f3 Bf5 15. Rc1 h6
16. g4 hxg5 17. gxf5 gxf5 18. Nd5 Nxd5 19. Qxd5+ Qe6 20. Bxg7 Kxg7 21. Qd4+ Qe5
22. Qd3 Rh8 23. f4 gxf4 24. Rf3 Ne6 25. Qd5 Ng5 26. Qxe5+ dxe5 27. Rff1 Rh6 28.
Rcd1 Nh3+ 29. Bxh3 Rxh3 30. Rf3 Rxf3 31. exf3 Kf6 32. Rd7 Rg8+ 33. Kf1 Rg7 34.
Rxg7 Kxg7 35. a4 b6 {White resigns} 0-1

[Event "Team 45 45 League T67"]
[Site "Internet Chess Club"]
[Date "2016.01.17"]
[Round "6"]
[White "Elalfer"]
[Black "LordKinbote"]
[Result "1/2-1/2"]
[WhiteElo "1584"]
[BlackElo "1662"]
[Opening "Queen's Indian defense"]
[ECO "E12"]
[Time "13:00:22"]
[TimeControl "2700+45"]

1. d4 Nf6 2. c4 e6 3. Nf3 b6 4. Bg5 d5 5. cxd5 exd5 6. e3 Bd6 7. Ne5 O-O 8. Bb5
Nbd7 9. Bc6 Rb8 10. Nxd7 Bxd7 11. Bxd5 h6 12. Bxf6 Qxf6 13. Qf3 Bb4+ 14. Nc3 Qg5
15. O-O Bg4 16. Qg3 Bd6 17. f4 Qh5 18. Bf3 f5 19. Nb5 Bxf3 20. Qxf3 Qxf3 21.
Rxf3 a6 22. Nxd6 cxd6 23. Rc1 Rbc8 24. Rff1 Kf7 25. Kf2 Ke6 26. Ke2 Kd5 27. Kd3
Rfe8 28. Rc3 Rxc3+ 29. bxc3 b5 30. Rc1 Rc8 31. Rb1 Rc4 32. Rb4 g6 33. h3 h5 34.
g3 Rxb4 35. cxb4 Kc6 36. e4 d5 37. e5 Kd7 38. Ke3 Ke6 39. Kf3 Kf7 40. g4 h4 41.
Kg2 Ke6 42. gxf5+ gxf5 43. Kf3 Kd7 {Game drawn by mutual agreement} 1/2-1/2

[Event "Team 45 45 League T67"]
[Site "Internet Chess Club"]
[Date "2016.01.17"]
[Round "6"]
[White "Invicta-Knight"]
[Black "krysto"]
[Result "0-1"]
[WhiteElo "1615"]
[BlackElo "1597"]
[Opening "French: advance, Euwe variation"]
[ECO "C02"]
[Time "14:10:28"]
[TimeControl "2700+45"]

1. e4 e6 2. d4 d5 3. e5 c5 4. c3 Nc6 5. Nf3 Bd7 6. Bd3 cxd4 7. cxd4 Qb6 8. Bc2
Nb4 9. O-O Nxc2 10. Qxc2 Ne7 11. a3 Rc8 12. Qe2 Nf5 13. Be3 Be7 14. Nc3 O-O 15.
Rfc1 a6 16. b4 Rc7 17. g4 Nxe3 18. fxe3 Rfc8 19. Na2 Bb5 20. Qd2 Bc4 21. Nc3 Rc6
22. Na4 Qd8 23. Nc5 b6 24. Nxa6 Bxa6 {White resigns} 0-1

[Event "Team 45 45 League T67"]
[Site "Internet Chess Club"]
[Date "2016.01.16"]
[Round "6"]
[White "portis2"]
[Black "parrot9"]
[Result "0-1"]
[WhiteElo "1538"]
[BlackElo "1693"]
[Opening "QGD semi-Slav"]
[ECO "D43"]
[Time "13:01:43"]
[TimeControl "2700+45"]

1. d4 d5 2. c4 c6 3. Nf3 Nf6 4. Nc3 e6 5. Bg5 Be7 6. e3 Nbd7 7. Bd3 dxc4 8. Bxc4
b5 9. Bb3 Bb7 10. O-O O-O 11. Re1 a6 12. e4 c5 13. d5 exd5 14. exd5 Nb6 15. a4
b4 16. Ne4 Nxe4 17. Bxe7 Qxe7 18. Bc2 f5 19. a5 Nxd5 20. Bb3 Rad8 21. Qc2 Kh8
22. Rad1 Nf4 23. Nd2 Qg5 {White resigns} 0-1

[Event "Team 45 45 League T67"]
[Site "Internet Chess Club"]
[Date "2016.01.18"]
[Round "6"]
[White "herrahuu"]
[Black "scostanzo212"]
[Result "0-1"]
[WhiteElo "1497"]
[BlackElo "1516"]
[Opening "QGD Slav: 5.e3 (Alekhine variation)"]
[ECO "D15"]
[Time "11:01:43"]
[TimeControl "2700+45"]

1. d4 d5 2. c4 c6 3. Nc3 Nf6 4. Nf3 dxc4 5. e3 b5 6. Be2 Bb7 7. b3 cxb3 8. Qxb3
e6 9. O-O Nbd7 10. Ba3 Bxa3 11. Qxa3 Qe7 12. Qb3 O-O 13. a4 a6 14. a5 c5 15.
dxc5 Nxc5 16. Qb4 Rac8 17. Ne5 Qc7 18. Nf3 Ng4 19. Qxg4 Nb3 20. Rac1 Nxc1 21.
Rxc1 Qxa5 22. Qd4 b4 23. h3 bxc3 24. Bd3 Bxf3 25. gxf3 Rfd8 26. Qe4 g6 27. f4
Qf5 28. Qxf5 exf5 29. Bxa6 Ra8 30. Bb7 Ra7 31. Bg2 Ra3 32. f3 Rd2 {White
resigns} 0-1

[Event "Team 45 45 League T67"]
[Site "Internet Chess Club"]
[Date "2016.01.18"]
[Round "6"]
[White "Elalfer"]
[Black "fireball"]
[Result "1-0"]
[WhiteElo "1601"]
[BlackElo "1586"]
[Opening "Budapest: Rubinstein variation"]
[ECO "A52"]
[Time "19:01:56"]
[TimeControl "2700+45"]

1. d4 Nf6 2. c4 e5 3. dxe5 Ng4 4. Bf4 Nc6 5. Nf3 Bb4+ 6. Nc3 Bxc3+ 7. bxc3 Qe7
8. Qd5 Qa3 9. Qd2 Qc5 10. Qd5 Qxf2+ 11. Kd2 Qb6 12. Qb5 Nf2 13. Qxb6 axb6 14.
Rg1 Ne4+ 15. Kd3 Nc5+ 16. Kc2 h6 17. Nd4 Ne7 18. Nb5 Kd8 19. g4 g5 20. Bg3 Ng6
21. Bg2 Ne6 22. e3 Ra5 23. Rgf1 Rf8 24. Be4 Nh8 25. Rf6 d5 26. exd6 c6 27. Nd4
Nc5 28. Bd3 Nxd3 29. Kxd3 Ng6 30. Nf5 Bxf5+ 31. gxf5 Ne5+ 32. Bxe5 Rxe5 33. e4
h5 34. Rg1 Rfe8 35. Re1 Rf8 36. Kd4 Ra5 37. Re2 Ra3 38. e5 c5+ 39. Kd3 Ra8 40.
e6 Ke8 41. exf7+ Kd8 42. Rg2 g4 43. h3 gxh3 44. Rh2 Kd7 45. Rxh3 Rh8 46. Rh2
Rad8 47. Ke4 Kc6 48. Ke5 Ra8 49. Ke6 Rad8 50. Ke7 Rd7+ 51. Ke6 Rxd6+ 52. Ke5
Rxf6 53. Kxf6 Kd6 54. Kg7 Ra8 55. Rxh5 Ke7 56. Rh6 Rc8 57. Re6+ {Black resigns}
1-0

[Event "Team 45 45 League T67"]
[Site "Internet Chess Club"]
[Date "2016.01.16"]
[Round "6"]
[White "mongmong"]
[Black "Visin"]
[Result "1-0"]
[WhiteElo "1561"]
[BlackElo "1265"]
[Opening "Queen's pawn game, Chigorin variation"]
[ECO "D02"]
[Time "13:00:41"]
[TimeControl "2700+45"]

1. d4 d5 2. Nf3 Nc6 3. g3 Nf6 4. Bg2 Bg4 5. Nbd2 e6 6. O-O Be7 7. c3 O-O 8. Re1
Nd7 9. e4 Bg5 10. e5 f6 11. exf6 Bxd2 12. Bxd2 Rxf6 13. h3 Bxf3 14. Bxf3 h6 15.
Bg4 Qf8 16. Bxe6+ Kh8 17. Bxd7 Rxf2 18. Rf1 Rxf1+ 19. Qxf1 Qxf1+ 20. Rxf1 Na5
21. Bb5 c6 22. Bd3 Kg8 23. b4 Nc4 24. Bxc4 dxc4 25. Re1 Kf7 26. Kg2 Re8 27. Rxe8
Kxe8 28. Kf3 b5 29. Ke4 Ke7 30. Ke5 h5 31. g4 hxg4 32. hxg4 a6 33. Bg5+ Kd7 34.
Kf5 {Black resigns} 1-0

[Event "Team 45 45 League T67"]
[Site "Internet Chess Club"]
[Date "2016.01.15"]
[Round "6"]
[White "guyd52"]
[Black "GideonL"]
[Result "1-0"]
[WhiteElo "1358"]
[BlackElo "1365"]
[Opening "Dunst (Sleipner, Heinrichsen) opening"]
[ECO "A00"]
[Time "19:00:09"]
[TimeControl "2700+45"]

1. Nc3 Nc6 2. b3 Nf6 3. Bb2 g6 4. g3 Bg7 5. Bg2 O-O 6. d4 d5 7. e3 e6 8. Qe2 Bd7
9. O-O-O Qe7 10. Nb5 Rac8 11. Ba3 Qe8 12. Bxf8 Qxf8 13. h4 a6 14. Nc3 Qa3+ 15.
Kb1 Qf8 16. Nh3 b6 17. Bf3 b5 18. Kb2 b4 19. Na4 a5 20. Nf4 Na7 21. Nc5 Qd6 22.
Nxd7 Nxd7 23. Nd3 c5 24. h5 c4 25. hxg6 fxg6 26. Nf4 c3+ 27. Kb1 Nb5 {Black
resigns} 1-0

[Event "Team 45 45 League T67"]
[Site "Internet Chess Club"]
[Date "2016.01.16"]
[Round "6"]
[White "dabodhi"]
[Black "stasis009"]
[Result "1-0"]
[WhiteElo "1457"]
[BlackElo "1241"]
[Opening "Giuoco Piano: Greco's attack"]
[ECO "C44"]
[Time "23:47:51"]
[TimeControl "2700+45"]

1. e4 e5 2. Nf3 Nc6 3. d4 exd4 4. Bc4 Bc5 5. c3 Nf6 6. cxd4 Bb4+ 7. Nc3 Nxe4 8.
Qe2 Qe7 9. O-O Bxc3 10. bxc3 O-O 11. Ne5 Nxe5 12. Qxe4 Re8 13. dxe5 Qxe5 14.
Qxe5 Rxe5 15. Bf4 Rc5 16. Bb3 Rxc3 17. Rac1 Rxc1 18. Rxc1 c6 19. Re1 h6 20. Re7
Kf8 21. Rxf7+ Ke8 22. Rxg7 d5 23. Bxh6 a5 24. Bd1 a4 25. Bh5+ {Black resigns}
1-0

[Event "Team 45 45 League T67"]
[Site "Internet Chess Club"]
[Date "2016.01.16"]
[Round "6"]
[White "Invicta-Knight"]
[Black "kutch"]
[Result "1-0"]
[WhiteElo "1634"]
[BlackElo "1525"]
[Opening "Center game: Berger variation"]
[ECO "C22"]
[Time "13:18:13"]
[TimeControl "2700+45"]

1. e4 e5 2. d4 exd4 3. Qxd4 Nc6 4. Qe3 Nf6 5. Bd2 d6 6. Nc3 Be7 7. O-O-O Be6 8.
f4 Ng4 9. Qf3 Nd4 10. Qd3 c5 11. Be1 a6 12. h3 Nf6 13. Nf3 Nxf3 14. gxf3 b5 15.
Qe3 b4 16. Nd5 Nxd5 17. exd5 Bf5 18. Bh4 f6 19. Re1 Kf7 20. Bd3 Bxd3 21. Qxd3
Qa5 22. Qe4 Qc7 23. Qe6+ Kf8 24. Re2 g5 25. fxg5 fxg5 26. Qh6+ Kf7 27. Rg1 Rag8
28. Qe6+ Ke8 29. Bxg5 Rg7 30. Qf6 Rhg8 31. Rge1 Rxg5 32. Rxe7+ Kd8 33. Re8+ Kd7
34. Qf7# {Black checkmated} 1-0

[Event "Team 45 45 League T67"]
[Site "Internet Chess Club"]
[Date "2016.01.19"]
[Round "6"]
[White "jpokerflat"]
[Black "bardu"]
[Result "1-0"]
[WhiteElo "1395"]
[BlackElo "1393"]
[Opening "Giuoco Pianissimo"]
[ECO "C50"]
[Time "12:32:33"]
[TimeControl "2700+45"]

1. e4 e5 2. Nf3 Nc6 3. Bc4 Bc5 4. d3 d6 5. Ng5 Nh6 6. h3 Na5 7. Bb3 O-O 8. O-O
Nxb3 9. axb3 Qf6 10. Qf3 Qg6 11. h4 f6 12. Nh3 Bxh3 13. Qxh3 Ng4 14. Be3 Bb6 15.
h5 {Black resigns} 1-0

[Event "Team 45 45 League T67"]
[Site "Internet Chess Club"]
[Date "2016.01.16"]
[Round "6"]
[White "BrerRabbit"]
[Black "medsurg"]
[Result "1/2-1/2"]
[WhiteElo "1451"]
[BlackElo "1363"]
[Opening "Queen's pawn, Mason variation"]
[ECO "D00"]
[Time "19:00:41"]
[TimeControl "2700+45"]

1. d4 d5 2. Bf4 Nf6 3. e3 c6 4. c4 e6 5. Nc3 Bd6 6. Bg3 O-O 7. Nf3 Bb4 8. a3
Bxc3+ 9. bxc3 Ne4 10. Nd2 f5 11. Nxe4 fxe4 12. Be2 Nd7 13. c5 b6 14. cxb6 axb6
15. O-O Ba6 16. Qc2 Bxe2 17. Qxe2 Qe7 18. Qb2 e5 19. Rfc1 h5 20. Bxe5 Nxe5 21.
dxe5 b5 22. Qb1 Qxe5 23. Qb4 Ra4 24. Qc5 Rc4 25. Qa7 Rxc3 26. Rxc3 Qxc3 27. Rf1
c5 28. Qd7 d4 29. exd4 e3 30. Qe6+ Kh8 31. Qxe3 cxd4 32. Qxc3 dxc3 33. Rc1 {Game
drawn by mutual agreement} 1/2-1/2

[Event "Team 45 45 League T67"]
[Site "Internet Chess Club"]
[Date "2016.01.14"]
[Round "6"]
[White "Aquaman"]
[Black "PsyMar"]
[Result "1/2-1/2"]
[WhiteElo "1336"]
[BlackElo "1451"]
[Opening "English, 1...Nf6 (Anglo-Indian defense)"]
[ECO "A15"]
[Time "16:01:55"]
[TimeControl "2700+45"]

1. c4 Nf6 2. g3 g6 3. Bg2 Nc6 4. Nf3 Bg7 5. O-O O-O 6. Nc3 d5 7. cxd5 Nxd5 8.
Rb1 Nxc3 9. bxc3 Rb8 10. Ne1 Be6 11. Qc2 Qd7 12. a3 {Game drawn by mutual
agreement} 1/2-1/2

[Event "Team 45 45 League T67"]
[Site "Internet Chess Club"]
[Date "2016.01.17"]
[Round "6"]
[White "ChessMaine"]
[Black "RD1974"]
[Result "0-1"]
[WhiteElo "1475"]
[BlackElo "1695"]
[Opening "Queen's pawn game"]
[ECO "A45"]
[Time "19:00:30"]
[TimeControl "2700+45"]

1. d4 Nf6 2. e3 e6 3. Bd3 c5 4. c3 a6 5. Nd2 b5 6. Ngf3 Bb7 7. O-O d5 8. Ne5
Nbd7 9. f4 Ne4 10. Qf3 Ndf6 11. g4 g6 12. g5 Nxd2 13. Bxd2 Ne4 14. Rad1 Bg7 15.
Ng4 h5 16. Nf2 c4 17. Bc2 Nd6 18. e4 dxe4 19. Nxe4 Nxe4 20. Bxe4 Bxe4 21. Qxe4
O-O 22. b3 Qd5 23. Qxd5 exd5 24. f5 Rfe8 25. f6 Bf8 26. Rde1 Bd6 27. Kg2 Kf8 28.
h3 a5 29. Kf3 b4 30. bxc4 bxc3 31. Bxc3 dxc4 32. Rxe8+ Kxe8 33. Rb1 Kd7 34. Rb5
a4 35. Ke2 Kc6 36. Ra5 Rxa5 37. Bxa5 Bf4 38. Bd2 Bg3 39. Be3 Kd5 40. Kd2 Ke4 41.
Bg1 Bf4+ 42. Kc3 Bxg5 43. Kxc4 Bxf6 44. Kb4 Bxd4 45. Bh2 f5 46. Kxa4 g5 47. Kb3
f4 48. a4 f3 49. Bg3 f2 50. Bxf2 Bxf2 51. a5 g4 52. hxg4 hxg4 53. a6 g3 54. a7
Bxa7 {White resigns} 0-1

[Event "Team 45 45 League T67"]
[Site "Internet Chess Club"]
[Date "2016.01.18"]
[Round "6"]
[White "Bible-Believer"]
[Black "seattleblues"]
[Result "1-0"]
[WhiteElo "1487"]
[BlackElo "1354"]
[Opening "Caro-Kann: Panov-Botvinnik attack, 5...e6"]
[ECO "B14"]
[Time "21:06:02"]
[TimeControl "2700+45"]

1. e4 c6 2. d4 d5 3. exd5 cxd5 4. c4 Nf6 5. Nc3 e6 6. Nf3 Nc6 7. Bg5 Be7 8. Bd3
O-O 9. O-O Bd7 10. Qd2 dxc4 11. Bxc4 Rc8 12. Bb3 Na5 13. Rfd1 Nxb3 14. axb3 a6
15. Ne5 Be8 16. Rac1 Bb4 17. Qe3 Bc6 18. Nxc6 Rxc6 19. d5 Bc5 20. dxc6 Bxe3 21.
Rxd8 Bxg5 22. Rxf8+ Kxf8 23. c7 {Black resigns} 1-0

[Event "Team 45 45 League T67"]
[Site "Internet Chess Club"]
[Date "2016.01.17"]
[Round "6"]
[White "Conjurer"]
[Black "chesskix"]
[Result "0-1"]
[WhiteElo "1124"]
[BlackElo "1508"]
[Opening "Dutch"]
[ECO "A80"]
[Time "14:02:15"]
[TimeControl "2700+45"]

1. d4 f5 2. Bf4 Nf6 3. e3 d6 4. Nf3 Nbd7 5. Bd3 Nb6 6. O-O Bd7 7. c4 e6 8. Nc3
Be7 9. h3 O-O 10. Rc1 Qe8 11. b3 a6 12. c5 Nbd5 13. Nxd5 Nxd5 14. cxd6 cxd6 15.
Bh2 Bc6 16. Qd2 Nf6 17. Ng5 Qg6 18. e4 fxe4 19. Bc4 Nd5 20. f4 h6 21. f5 exf5
22. Nxe4 fxe4 23. Rce1 Rxf1+ 24. Rxf1 Rf8 25. Rxf8+ Kxf8 26. Qf2+ Qf6 {White
resigns} 0-1